 Dungeon Crawl Stone Soup version 0.31-a0-277-g31ea1f65cc (webtiles) character file.

Game seed: 17183600378716664161

1006 Newt the Cudgeller (level 8, 0/60 HPs)
             Began as a Demonspawn Gladiator on July 16, 2023.
             Was an Initiate of Hepliaklqana.
             Succumbed to a killer bee's poison
             ... on level 4 of the Dungeon.
             The game lasted 00:06:24 (4530 turns).

Newt the Cudgeller (Demonspawn Gladiator)           Turns: 4530, Time: 00:06:25

Health: 0/60       AC:  4    Str: 17    XL:     8   Next: 0%
Magic:  8/8        EV: 12    Int: 10    God:    Hepliaklqana [......]
Gold:   15         SH:  8    Dex: 14    Spells: 7/7 levels left

rFire   . . .        d - +2 dire flail (protect)
rCold   . . .        (shield currently unavailable)
rNeg    . . .        e - +0 troll leather armour {Pargi}
rPois   .            (helmet restricted)
rElec   .            (no cloak)
rCorr   .            (no gloves)
SInv    .            (no boots)
Will    .....        (no amulet)
Stlth   ++           (no ring)
HPRegen 1.10/turn    (no ring)
MPRegen 0.11/turn

%: no passive effects
@: lethally poisoned (0 -> -4), attractive
A: antennae 1, large bone plates 3, demonic guardian 1
a: Renounce Religion


You were on level 4 of the Dungeon.
You worshipped Hepliaklqana.
Hepliaklqana was noncommittal.
You visited 2 branches of the dungeon, and saw 6 of its levels.

You collected 202 gold pieces.
You spent 187 gold pieces at shops.

Inventory:

Hand Weapons
 a - a +0 heavy rapier
 d - a +2 dire flail of protection (weapon)
 f - a +0 dagger
 g - a +1 sling of freezing
 h - a +3 mace of draining
Missiles
 i - a throwing net
 l - 4 poisoned darts
 o - 4 silver javelins
Armour
 b - a +0 leather armour
 c - a +1 helmet
 e - a +0 troll leather armour (worn) {Pargi}
 r - a +2 robe of willpower
Scrolls
 k - a scroll of fear
 q - a scroll of teleportation
Potions
 j - a potion of degeneration
 n - 2 potions of attraction


   Skills:
 - Level 4.0 Fighting
 - Level 2.6 Short Blades
 - Level 6.0 Maces & Flails
 - Level 1.7 Throwing
 + Level 4.1 Armour
 - Level 2.6 Dodging
 - Level 2.0 Stealth


You had 7 spell levels left.
You didn't know any spells.
Your spell library contained the following spells:

 Spells                   Type           Power      Damage    Failure   Level
 Apportation              Tloc           0%         N/A       41%         1
 Necrotise                Necr           0%         1d4       41%         1
 Summon Small Mammal      Summ           0%         N/A       41%         1
 Alistair's Intoxication  Tmut/Pois      0%         N/A       100%        5


Dungeon Overview and Level Annotations

Branches:
Dungeon (5/15)             Temple (1/1) D:4

Altars:
Ashenzari
Dithmenos
Fedhas
Gozag
Hepliaklqana
Kikubaaqudgha
Makhleb
Okawaru
Qazlal
Ru
Trog
Uskayaw
Wu Jian
Xom
Yredelemnul

Shops:
D:3 *   D:4 !


Innate Abilities, Weirdness & Mutations

You have a pair of small antennae on your head.
You are completely covered in large bone plates. (SH +8)
A weak demonic guardian rushes to your aid.


Message History

You are poisoned.
The killer bee poisons you!
The killer bee stings you but does no damage.
You barely miss the killer bee.
The killer bee is lightly wounded.
You feel sick. You block the killer bee's attack. x2
You miss the killer bee.
The killer bee is lightly wounded.
You feel sick. You block the killer bee's attack. The killer bee stings you.
You are more poisoned.
The killer bee poisons you!
You closely miss the killer bee.
The killer bee is lightly wounded.
You feel sick.
The killer bee stings you but does no damage.
You block the killer bee's attack.
You barely miss the killer bee.
The killer bee is lightly wounded.
You feel sick. The killer bee barely misses you. The killer bee stings you.
* * * LOW HITPOINT WARNING * * *
You closely miss the killer bee.
The killer bee is lightly wounded.
You feel sick. The killer bee barely misses you.
You block the killer bee's attack.
You miss the killer bee.
The killer bee is lightly wounded.
You feel sick. You block the killer bee's attack. The killer bee stings you.
* * * LOW HITPOINT WARNING * * *
A demonic guardian appears!
You are more poisoned.
The killer bee poisons you!
The killer bee attacks as you move away!
The killer bee stings you.
* * * LOW HITPOINT WARNING * * *
x2 You feel very sick.
You block the killer bee's attack.
Unknown command.
It was a potion of attraction.
You feel attractive to monsters.
You die...

#.#####.####....##
#.##.##......#.##
###...#.#.###.....#
#....#.#..# #...#.#
#...##....###.....#
#...##.........####
##....###.#....#
#.#.###.#.....# ###
####.#5@#{##....######..
#....#.#y#{y.......)....
#.####.###O.....####....
#.# #.###>.............
#.####..........####....
#...............# ##...
#.########......## #...
#.# #.###...# #.#. #.#
#.# ###.####.#.


You could see a killer bee (ally target) and a friendly quasit (summoned).

Vanquished Creatures
  Grinder (D:4)
  Sigmund (D:4)
  Menkaure (D:4)
  Edmund (D:4)
  Pargi (D:4)
  A killer bee (D:5)
  A hound (D:4)
  An iguana (D:4)
  An orc wizard (D:3)
  Robin (D:2)
  4 adders
  A gnoll (D:1)
  An ufetubus (D:4)
  2 worms (D:3)
  3 dart slugs
  4 orcs (D:3)
  8 endoplasms
  4 giant cockroaches
  18 goblins
  10 hobgoblins
  10 jackals
  4 quokkas
  7 ball pythons
  7 bats
  3 frilled lizards
  6 kobolds
  5 rats
107 creatures vanquished.

Vanquished Creatures (collateral kills)
  A hound (D:4)
  A dart slug (D:1)
  2 jackals (D:1)
  A quokka (D:1)
5 creatures vanquished.

Grand Total: 112 creatures vanquished

Notes
Turn   | Place    | Note
-------+----------+-------------------------------------------
     0 | D:1      | Newt the Demonspawn Gladiator began the quest for the Orb.
     0 | D:1      | Reached XP level 1. HP: 16/16 MP: 1/1
   250 | D:1      | Gained mutation: A weak demonic guardian rushes to your
                  | aid. [demonic ancestry]
   250 | D:1      | Reached XP level 2. HP: 17/23 MP: 2/2
   355 | D:1      | Reached XP level 3. HP: 29/29 MP: 3/3
  1101 | D:2      | Noticed Robin
  1112 | D:2      | Killed Robin
  1113 | D:2      | Reached skill level 1 in Stealth
  1113 | D:2      | Gained mutation: You are partially covered in large bone
                  | plates. (SH +4) [demonic ancestry]
  1113 | D:2      | Reached XP level 4. HP: 19/37 MP: 4/4
  1391 | D:2      | Reached skill level 1 in Armour
  1934 | D:3      | Reached skill level 1 in Maces & Flails
  1934 | D:3      | Reached XP level 5. HP: 33/42 MP: 5/5
  2029 | D:3      | Found a faded altar of an unknown god.
  2047 | D:3      | Found Ybbi's Assorted Antiques.
  2059 | D:3      | Bought a scroll labelled JAVITR COPSUMU for 29 gold pieces
  2060 | D:3      | Bought a scroll labelled JEMUAZ OPSORR for 29 gold pieces
  2061 | D:3      | Bought a scroll of identify for 58 gold pieces
  2061 | D:3      | Bought a scroll labelled VEUTAIH RAYCS for 29 gold pieces
  2134 | D:3      | Reached skill level 2 in Maces & Flails
  2564 | D:4      | Noticed Sigmund
  2583 | D:4      | Killed Sigmund
  2584 | D:4      | Reached skill level 4 in Maces & Flails
  2584 | D:4      | Gained mutation: You have a pair of small antennae on your
                  | head. [demonic ancestry]
  2584 | D:4      | Reached XP level 6. HP: 25/48 MP: 6/6
  2859 | D:4      | Noticed Menkaure
  2870 | D:4      | Killed Menkaure
  2871 | D:4      | Reached skill level 5 in Maces & Flails
  3113 | D:4      | Gained mutation: You are mostly covered in large bone
                  | plates. (SH +6) [demonic ancestry]
  3113 | D:4      | Reached XP level 7. HP: 45/54 MP: 7/7
  3192 | D:4      | Found a staircase to the Ecumenical Temple.
  3213 | D:4      | Noticed Pargi
  3216 | D:4      | Noticed Edmund
  3229 | D:4      | Killed Pargi
  3247 | D:4      | Killed Edmund
  3248 | D:4      | Reached skill level 6 in Maces & Flails
  3512 | D:4      | Found Myfis's Distillery.
  3529 | Temple   | Entered the Ecumenical Temple
  3699 | Temple   | Became a worshipper of Hepliaklqana the Forgotten
  3730 | D:4      | Bought a potion of curing for 42 gold pieces
  3790 | D:4      | Noticed Grinder
  3799 | D:4      | Paralysed by Grinder for 5 turns
  3819 | D:4      | Paralysed by Grinder for 5 turns
  3828 | D:4      | Killed Grinder
  4210 | D:5      | Entered Level 5 of the Dungeon
  4233 | D:5      | Gained mutation: You are completely covered in large bone
                  | plates. (SH +8) [demonic ancestry]
  4233 | D:5      | Reached XP level 8. HP: 37/60 MP: 8/8
  4242 | D:5      | HP: 3/60 [killer bee (6)]
  4529 | D:4      | HP: 2/60 [poisoned by a killer bee]
  4530 | D:4      | Succumbed to a killer bee's poison

Illustrated notes

Levels and vault maps discovered:
D:1:      matt_arrival_grand_opening, layout_rooms,
          chequers_serial_rivers_marsh, nrook_mini_backslash,
          minmay_misc_feat_plants, amcnicky_mini_rare_corridor_liquid
D:2:      layout_loops_ring, amethyst_killhole, uniq_robin
D:3:      layout_rooms, hellmonk_ecumenical_altar_blasted, serial_shops, shop
D:4:      layout_loops_ring, minmay_temple_entry_statues_pillars, serial_shops,
          shop, chequers_big_river, uniq_pargi, uniq_sigmund, uniq_menkaure,
          uniq_grinder, uniq_edmund
D:5:      layout_cave_pods, cheibriados_altar_1, nicolae_ossuary_entry_giza,
          uniq_duvessa, uniq_eustachio
Temple:   regret_index_temple_chain_breaker

Skill      XL: |  1  2  3  4  5  6  7 |
---------------+----------------------+-----
Fighting       | 3 4 |  4.0
Stealth        | 1 2 |  2.0
Armour         | 1 4 |  4.1
Maces & Flails | 1 4 5 6 |  6.0
Short Blades   | |  2.6
Throwing       | |  1.7
Dodging        | |  2.6

Action                     |  1- 3 |  4- 6 |  7- 9 || total
---------------------------+-------+-------+-------++-------
  Melee: Rapier            |   117 |    43 |       ||   160
         Punch             |     1 |       |       ||     1
         Mace              |       |   118 |    23 ||   141
         Dire flail        |       |       |    53 ||    53
  Throw: Javelin           |     3 |       |     2 ||     5
         Throwing net      |     1 |     2 |     3 ||     6
         Dart              |       |     3 |     1 ||     4
    Use: Scroll            |     4 |     8 |     1 ||    13
         Potion            |       |     1 |     5 ||     6
   Stab: Sleeping          |       |     2 |       ||     2
         Held in net/web   |       |     1 |     1 ||     2
         Distracted        |       |       |     1 ||     1
         Invisible         |       |       |     1 ||     1
 Armour: Leather armour    |    39 |    44 |     3 ||    86
         Troll leather arm |       |       |    14 ||    14
  Dodge: Dodged            |    81 |    96 |    40 ||   217
  Block: Other             |       |    28 |    53 ||    81

Table legend: (Time is in decaauts)
 A = Elapsed time spent in this place.
 B = Non-inter-level travel time spent in this place.
 C = Inter-level travel time spent in this place.
 D = Time resting spent in this place.
 E = Time spent auto-exploring this place.
 F = Levels seen in this place.
 G = Mean time per level.
                   A        B        C        D        E       F      G
               +--------+--------+--------+--------+--------+-----+--------+
         Total |   4633 |   4449 |    184 |   1358 |   2160 |   6 |  772.2 |
       Dungeon |   4447 |   4284 |    163 |   1358 |   2012 |   5 |  889.4 |
        Temple |    185 |    165 |     20 |      0 |    148 |   1 |  185.0 |
               +--------+--------+--------+--------+--------+-----+--------+

Top non-repeatable levels by time:
     D:4: 1829 daAuts
     D:1: 1002 daAuts
     D:2: 910 daAuts
     D:3: 662 daAuts
  Temple: 185 daAuts
     D:5: 42 daAuts
